 Dungeon Crawl Stone Soup version 0.25.0-9-g26727b657a (webtiles) character file.

Game seed: 11537444761059844257

3668 Esekla the Carver (level 10, -14/49 HPs)
             Began as a Vine Stalker Skald on June 16, 2020.
             Was an Elder of Vehumet.
             Killed from afar by Erica (19 damage)
             ... with a bolt of poison
             ... on level 8 of the Dungeon.
             The game lasted 00:56:06 (8538 turns).

Esekla the Carver (Vine Stalker Skald)              Turns: 8538, Time: 00:56:07

Health: -14/49     AC:  7    Str: 14    XL:     10   Next: 12%
Magic:  0/18       EV: 13    Int: 16    God:    Vehumet [****..]
Gold:   523        SH:  0    Dex: 14    Spells: 9/19 levels left

rFire    . . .     SeeInvis .   D - +3 falchion
rCold    + . .     Gourm    .   (no shield)
rNeg     . . .     Faith    .   J - +0 leather armour {rC+}
rPois    .         Spirit   +   b - +0 helmet
rElec    .         Reflect  .   (no cloak)
rCorr    .         Harm     .   m - +1 pair of gloves
MR       +....                  k - +0 pair of boots
Stlth    +.........             (no amulet)
HPRegen  0.56/turn              x - ring of flight
MPRegen  0.16/turn              (no ring)

@: lethally poisoned (-14 -> -29), about to teleport
A: fangs 3, regeneration 1, magic shield, antimagic bite, no potion heal 3, rot
immunity
a: Renounce Religion, Evoke Flight


You were on level 8 of the Dungeon.
You worshipped Vehumet.
Vehumet was greatly pleased with you.
You were very hungry.

You visited 2 branches of the dungeon, and saw 9 of its levels.
You also visited: Sewer.

You collected 523 gold pieces.

Inventory:

Hand Weapons
 i - a +2 trident of protection
 C - the +2 flail of the Lettuce {drain, Int+4 SInv}
   (You took it off a crimson imp on level 7 of the Dungeon)

   A truly terrible weapon, it drains the life of those it strikes.
   It affects your intelligence (+4).
   It lets you see invisible.
 D - a +3 falchion (weapon)
 G - a +1 rapier of venom
Missiles
 v - 5 javelins
 F - 14 poisoned darts (quivered)
 I - 6 boomerangs
Armour
 b - a +0 helmet (worn)
 k - a +0 pair of boots (worn)
 m - a +1 pair of gloves (worn)
 J - a +0 leather armour of cold resistance (worn)
Jewellery
 a - an uncursed ring of ice
 x - a ring of flight (left hand)
Wands
 p - a wand of polymorph (7)
 s - a wand of clouds (3)
 u - a wand of digging (4)
 H - a wand of flame (36)
Scrolls
 f - 5 scrolls of remove curse
 g - 5 scrolls of magic mapping
 h - a scroll of summoning {unknown}
 l - a scroll of teleportation
 r - 4 scrolls of blinking
 w - a scroll of fear
 y - 5 scrolls of fog {unknown}
 z - a scroll of identify
 E - a scroll of enchant weapon {unknown}
Potions
 c - 2 potions of might
 e - 4 potions of curing
 j - a potion of lignification {unknown}
 n - 2 potions of haste
 o - 2 potions of magic
 q - 4 potions of brilliance
 t - 2 potions of mutation {unknown}
 A - a potion of cancellation
 B - a potion of ambrosia {unknown}
Comestibles
 d - 17 rations


   Skills:
 + Level 3.7 Fighting
 * Level 8.4 Long Blades
 + Level 2.8 Armour
 + Level 3.6 Dodging
 * Level 5.1 Spellcasting
 + Level 2.3 Conjurations
 + Level 3.4 Charms
 + Level 2.5 Translocations
 + Level 4.0 Fire Magic
 * Level 4.4 Ice Magic
 + Level 0.1 Evocations


You had 9 spell levels left.
You knew the following spells:

 Your Spells              Type           Power        Failure   Level  Hunger
a - Ozocubu's Armour      Chrm/Ice       ###.....     11%         3    ###....
f - Conjure Flame         Conj/Fire      ##......     4%          3    ###....
g - Shroud of Golubria    Chrm/Tloc      ##....       9%          2    #......
s - Song of Slaying       Chrm           ###.....     7%          2    #......

Your spell library contained the following spells:

 Spells                   Type           Power        Failure   Level  Hunger
 Inner Flame              Hex/Fire       ##......     7%          3    ###....
 Infusion                 Chrm           ###.         4%          1    None
 Spectral Weapon          Hex/Chrm       #.......     26%         3    ###....


Dungeon Overview and Level Annotations

Branches:
Dungeon (8/15)             Temple (1/1) D:5           Sewer (visited)
   Lair: D:8-11

Altars:
Ashenzari
Cheibriados
Fedhas
Gozag
Hepliaklqana
Kikubaaqudgha
Makhleb
Nemelex Xobeh
Okawaru
Qazlal
Ru
Sif Muna
Trog
Uskayaw
Vehumet
Wu Jian
Yredelemnul
Zin

Shops:
D:8 %

Annotations:
D:8 1 runed translucent door, Erica; emiel's ghost, novice NaSk


Innate Abilities, Weirdness & Mutations

You have razor-sharp teeth.
Your natural rate of healing is unusually fast.
When hurt, damage is shared between your health and your magic reserves.
Your bite disrupts and absorbs the magic of your enemies.
Potions cannot restore your health.
You are immune to rotting.


Message History

You hit something. You closely miss something.
You hear some strange, mumbled words.
A bolt of poison appears from out of thin air!
The bolt of poison hits you!
You are poisoned.
You slash something!
You feel sick. Something hits you! Something burns you.
You feel sick.
There is a stone staircase leading up here.
As you read the scroll of teleportation, it crumbles to dust.
You feel strangely unstable.
You feel sick. Something hits you!
* * * LOW HITPOINT WARNING * * *
Something burns you!
* * * LOW HITPOINT WARNING * * *
You feel sick.
You hear some strange, mumbled words.
A bolt of poison appears from out of thin air!
The bolt of poison hits you!!
You are lethally poisoned!
You die...

..#.........## ##.####.........
.(.###.......#####...............
##.................##########....
................##.## #.#..
#####.......#.#.....### ##....
######......#.........######.....
...# ###...##................#..[
...# #.........<{..............
...# ##...##...@............#...
...####......................##..
.................................
...####.)..##.......#######[#....
...# #.#####.......# #)###..
...## #.# ##........ #.##..#
....# #.# ##...#########)#..##
###.# #.# #####.....#.#.#.# #
###.###.# #$≈≈≈≈+...#.# #


There were no monsters in sight!

Vanquished Creatures
  Pikel (D:6)
  Maggie (D:6)
  A hippogriff (D:7)
  Eustachio (D:6)
  A hungry ghost (D:7)
  Duvessa (D:6)
  An ice beast (D:8)
  2 orc warriors (D:7)
  A sky beast (D:6)
  2 phantoms
  2 centaurs
  Blork the orc (D:4)
  3 bullfrogs
  Dowan (D:6)
  A water moccasin zombie (D:7)
  A scorpion (D:6)
  3 wights (D:3)
  3 crimson imps
  6 hounds
  2 jellies
  2 orc priests (D:7)
  A bullfrog skeleton (D:5)
  A centaur skeleton (D:4)
  An orc wizard (D:8)
  2 iguanas
  4 worker ants
  A hound skeleton (D:7)
  12 gnolls
  A howler monkey skeleton (D:6)
  A worker ant zombie (D:8)
  18 adders
  4 river rats (Sewer)
  A shadow imp (D:5)
  2 worms (D:2)
  3 dart slugs
  5 leopard geckos
  16 orcs
  5 giant cockroaches
  6 hobgoblins
  5 jackals
  2 quokkas (D:8)
  14 ball pythons
  6 bats
  11 frilled lizards
  6 goblins
  11 kobolds
  31 rats
207 creatures vanquished.

Vanquished Creatures (others)
  3 slaves (D:6)
  A worker ant (D:6)
  A hound skeleton (D:6)
5 creatures vanquished.

Grand Total: 212 creatures vanquished

Notes
Turn   | Place    | Note
-------+----------+-------------------------------------------
     0 | D:1      | Esekla the Vine Stalker Skald began the quest for the Orb.
     0 | D:1      | Reached XP level 1. HP: 11/11 MP: 4/4
    92 | D:1      | Reached XP level 2. HP: 15/15 MP: 4/6
   170 | D:2      | Reached skill level 2 in Long Blades
   207 | D:2      | Found a sacrificial altar of Ru.
   239 | D:2      | Reached skill level 1 in Armour
   248 | D:2      | Learned a level 2 spell: Shroud of Golubria
   251 | D:2      | Learned a level 2 spell: Song of Slaying
   257 | D:2      | Reached XP level 3. HP: 15/18 MP: 7/7
   622 | D:4      | Gained mutation: Your natural rate of healing is unusually
                  | fast. [Vine Stalker growth]
   622 | D:4      | Reached XP level 4. HP: 1/23 MP: 1/9
   639 | D:4      | Reached skill level 3 in Long Blades
   715 | D:4      | Reached XP level 5. HP: 20/26 MP: 7/10
   815 | D:4      | Reached skill level 1 in Translocations
  1231 | D:4      | Noticed Blork the orc
  1243 | D:4      | Killed Blork the orc
  1243 | D:4      | Reached skill level 4 in Long Blades
  1243 | D:4      | Reached XP level 6. HP: 10/30 MP: 5/11
  1253 | D:4      | Learned a level 3 spell: Ozocubu's Armour
  1327 | D:3      | Found a sparkling altar of Nemelex Xobeh.
  1400 | D:5      | Entered Level 5 of the Dungeon
  1400 | D:5      | Found a staircase to the Ecumenical Temple.
  1410 | Temple   | Entered the Ecumenical Temple
  1508 | Temple   | Became a worshipper of Vehumet
  1666 | D:5      | Found a glowing drain.
  1686 | Sewer    | Entered a sewer
  1940 | Sewer    | Reached * piety under Vehumet
  1940 | Sewer    | Offered knowledge of Freeze by Vehumet.
  2171 | Sewer    | Reached XP level 7. HP: 31/35 MP: 12/12
  2221 | Sewer    | Reached skill level 1 in Ice Magic
  2512 | D:5      | Found a hide-covered altar of Uskayaw.
  2512 | D:5      | Found an ornate altar of the Wu Jian Council.
  2699 | D:4      | Offered knowledge of Foxfire by Vehumet.
  2899 | D:4      | Reached skill level 5 in Long Blades
  2990 | D:3      | Reached ** piety under Vehumet
  4097 | D:2      | Offered knowledge of Conjure Flame by Vehumet.
  4102 | D:2      | Learned a level 3 spell: Conjure Flame
  4329 | D:3      | Reached *** piety under Vehumet
  4541 | D:3      | Reached skill level 1 in Fire Magic
  4558 | D:3      | Gained mutation: You have razor-sharp teeth. [Vine Stalker
                  | growth]
  4558 | D:3      | Reached XP level 8. HP: 14/39 MP: 6/14
  4783 | D:3      | Offered knowledge of Hailstorm by Vehumet.
  5925 | D:6      | Noticed Duvessa
  5925 | D:6      | Noticed Dowan
  5925 | D:6      | Noticed Pikel
  6022 | D:6      | Killed Duvessa
  6024 | D:6      | Killed Dowan
  6024 | D:6      | Reached skill level 6 in Long Blades
  6029 | D:6      | Killed Pikel
  6029 | D:6      | Reached skill level 1 in Conjurations
  6029 | D:6      | Reached XP level 9. HP: 33/43 MP: 14/16
  6546 | D:6      | Noticed Maggie
  6565 | D:6      | Killed Maggie
  6565 | D:6      | Reached skill level 7 in Long Blades
  6646 | D:6      | Noticed Eustachio
  6681 | D:6      | Killed Eustachio
  7236 | D:7      | HP: 1/44 [orc warrior/+0 dire flail (19)]
  7324 | D:7      | Reached **** piety under Vehumet
  7344 | D:7      | Identified the +2 flail of the Lettuce {drain, Int+4 SInv}
  7418 | D:7      | Offered knowledge of Inner Flame by Vehumet.
  7756 | D:7      | Reached XP level 10. HP: 31/49 MP: 15/18
  7876 | D:7      | Reached skill level 8 in Long Blades
  7876 | D:7      | Reached skill level 5 in Spellcasting
  8189 | D:8      | Found Ineulis's Food Emporium.
  8327 | D:8      | Found a runed translucent door.
  8328 | D:8      | Noticed emiel's ghost (novice NaSk)
  8361 | D:8      | Noticed Erica
  8538 | D:8      | Killed from afar by Erica

Illustrated notes

Levels and vault maps discovered:
D:1:      scummos_arrival_gate, layout_basic
D:2:      layout_loops_ring, old_standard_altar, grunt_decor_arrowhead
D:3:      layout_basic, nemelex_xobeh_ov_fountains_minmay
D:4:      layout_loops_ring, grunt_ministairs_11, uniq_blork_the_orc
D:5:      kennysheep_big_flooded_room, layout_cave_pods,
          gammafunk_temple_overflow_elements, temple_fountains,
          portal_sewer_entry_d, first_ration
D:6:      layout_basic, uniq_duvessa, uniq_maggie, uniq_pikel, uniq_eustachio
D:7:      layout_cave_pools
D:8:      layout_rooms, ebering_ghost_reflecting_pool, serial_shops, shop,
          grunt_livestock, minmay_misc_feat_columns, uniq_erica
Temple:   dpeg_five_rooms_temple

Skill      XL: |  1  2  3  4  5  6  7  8  9 10 |
---------------+-------------------------------+-----
Long Blades    | 2 3 4 5 6 7 8 |  8.4
Armour         | 1 2 |  2.8
Dodging        | 2 3 |  3.6
Fighting       | 2 3 |  3.7
Translocations | 1 2 |  2.5
Spellcasting   | 3 4 5 |  5.1
Ice Magic      | 1 3 4 |  4.4
Fire Magic     | 2 3 4 |  4.0
Conjurations   | 1 2 |  2.3
Charms         | |  3.4
Evocations     | |  0.1

Action                   |  1- 3 |  4- 6 |  7- 9 | 10-12 || total
-------------------------+-------+-------+-------+-------++-------
Melee: Falchion          |    77 |   190 |   496 |    72 ||   835
       Bite              |    19 |    46 |   142 |    19 ||   226
Throw: Dart              |       |       |     3 |    20 ||    23
       Javelin           |       |       |       |     1 ||     1
 Cast: Shroud of Golubri |       |    16 |    24 |     3 ||    43
       Song of Slaying   |       |       |     7 |     2 ||     9
       Ozocubu's Armour  |       |       |     8 |     2 ||    10
 Abil: Evoke Flight      |       |       |     1 |       ||     1
  Use: Scroll            |       |     7 |     1 |     5 ||    13
       Potion            |       |       |     8 |       ||     8
 Stab: Sleeping          |       |       |     3 |       ||     3
  Eat: Chunk             |       |     5 |    15 |     2 ||    22
       Ration            |       |       |     2 |       ||     2
Armor: Leather armour    |    18 |    68 |   154 |    22 ||   262
Dodge: Dodged            |    58 |   155 |   309 |    48 ||   570
       Rpst.: Falchion   |    25 |    43 |    90 |    11 ||   169
